 Dungeon Crawl Stone Soup version 0.26.0-20-g3ca415f5b8 (webtiles) character file.

Game seed: 9847521248886304561

86 kaeus the Insei (level 4, -2/29 HPs)
             Began as an Octopode Transmuter on Jan 25, 2021.
             Slain by a frilled lizard (3 damage)
             ... on level 3 of the Dungeon.
             The game lasted 00:01:40 (1532 turns).

kaeus the Insei (Octopode Transmuter)               Turns: 1532, Time: 00:01:41

Health: -2/29      AC:  1    Str:  9    XL:     4   Next: 50%
Magic:  7/7        EV: 14    Int: 15    God:
Gold:   36         SH:  0    Dex: 13    Spells: 6/7 levels left

rFire    . . .     SeeInvis .     - Unarmed
rCold    . . .     Faith    .   (no shield)
rNeg     . . .     Spirit   .   (helmet restricted)
rPois    .         Reflect  .   (no amulet)
rElec    .         Harm     .   (no ring)
rCorr    .         Rampage  .   (no ring)
Will     .....                  (no ring)
Stlth    +++.......             (no ring)
HPRegen  0.09/turn              (no ring)
MPRegen  0.10/turn              (no ring)
                                (no ring)
                                (no ring)

@: no status effects
A: almost no armour, stealthy swim, amphibious, 8 rings, constrict 8, camouflage
1, gelatinous body 1
a: no special abilities


You were on level 3 of the Dungeon.
You visited 1 branch of the dungeon, and saw 3 of its levels.

You collected 36 gold pieces.

Inventory:

Missiles
 f - 28 poisoned darts
Scrolls
 b - 2 scrolls of identify {unknown}
 c - a scroll of blinking {unknown}
 e - 2 scrolls of amnesia {unknown}
 g - a scroll of enchant weapon {unknown}
 h - 2 scrolls of teleportation {unknown}
 i - a scroll of fog {unknown}
 j - a scroll of remove curse {unknown}
Potions
 a - 4 potions of heal wounds {unknown}
 d - a potion of mutation {unknown}


   Skills:
 + Level 1.7 Fighting
 + Level 2.5 Dodging
 + Level 1.5 Stealth
 + Level 3.3 Unarmed Combat
 + Level 2.4 Spellcasting
 * Level 3.0 Transmutations


You had 6 spell levels left.
You knew the following spells:

 Your Spells              Type           Power        Failure   Level
a - Beastly Appendage     Tmut           20%          6%          1

Your spell library contained the following spells:

 Spells                   Type           Power        Failure   Level
 Wereblood                Tmut           10%          10%         2
 Spider Form              Tmut/Pois      3%           34%         3
 Ice Form                 Ice/Tmut       6%           75%         4
 Blade Hands              Tmut           5%           86%         5


Dungeon Overview and Level Annotations

Branches:
Dungeon (3/15)

Altars:


Innate Abilities, Weirdness & Mutations

You cannot wear most types of armour.
You are very stealthy in the water. (Stealth+)
You are amphibious.
You can wear up to eight rings at the same time.
You can use your tentacles to constrict eight enemies at once.
Your skin changes colour to match your surroundings (Stealth+).
Your rubbery body absorbs attacks. (AC +1, EV +1)


Message History

You constrict the gnoll. The gnoll hits you but does no damage.
You tentacle-slap the gnoll.
The gnoll is almost dead.
You constrict the gnoll.
You kill the gnoll!
Your Transmutations skill increases to level 3!
A frilled lizard is nearby!
A frilled lizard is nearby!
A frilled lizard is nearby!
A frilled lizard is nearby!
Your transformation is almost over.
The frilled lizard closely misses you. The frilled lizard misses you.
Your tentacle spike disappears.
The frilled lizard misses you. The frilled lizard barely misses you.
The frilled lizard bites you.
* * * LOW HITPOINT WARNING * * *
The frilled lizard bites you.
You die... ######### ......l@# #########

You could see a frilled lizard.

Vanquished Creatures
  Jessica (D:2)
  2 gnolls
  An adder (D:2)
  A dart slug (D:1)
  A leopard gecko (D:1)
  3 bats
  A giant cockroach (D:1)
  5 goblins
  3 hobgoblins
  3 jackals (D:1)
  4 frilled lizards
  2 kobolds
  3 rats
30 creatures vanquished.

Notes
Turn   | Place    | Note
-------+----------+-------------------------------------------
     0 | D:1      | kaeus the Octopode Transmuter began the quest for the Orb.
     0 | D:1      | Reached XP level 1. HP: 13/13 MP: 3/3
   172 | D:1      | Reached XP level 2. HP: 18/18 MP: 3/5
   817 | D:1      | Reached XP level 3. HP: 23/23 MP: 6/6
  1138 | D:2      | Reached skill level 1 in Stealth
  1264 | D:2      | Noticed Jessica
  1274 | D:2      | Killed Jessica
  1275 | D:2      | Reached XP level 4. HP: 22/29 MP: 5/7
  1506 | D:2      | Found a faded altar of an unknown god.
  1531 | D:3      | HP: 1/29 [frilled lizard (2)]
  1532 | D:3      | Slain by a frilled lizard

Illustrated notes

Levels and vault maps discovered:
D:1:      dpeg_arrival_erosion, layout_basic
D:2:      layout_basic, chequers_ecumenical_altar_island, uniq_natasha,
          uniq_jessica
D:3:      layout_basic, grunt_temple_overflow_open,
          lemuel_zombie_altar_yredelemnul, old_standard_altar, serial_glass,
          glass_columns_b, glass_columns_a, eino_tiny_chamber

Skill      XL: |  1  2  3  4 |
---------------+-------------+-----
Stealth        | 1 |  1.5
Transmutations | 3 |  3.0
Fighting       | |  1.7
Dodging        | |  2.5
Unarmed Combat | |  3.3
Spellcasting   | |  2.4

Action                   |  1- 3 |  4- 6 || total
-------------------------+-------+-------++-------
Melee: Unarmed           |    52 |    12 ||    64
       Kick              |    17 |     1 ||    18
       Constrict         |    17 |     3 ||    20
       Tentacles         |     6 |       ||     6
 Cast: Beastly Appendage |    16 |     2 ||    18
 Stab: Sleeping          |     2 |     1 ||     3
Armor: Skin              |    12 |     2 ||    14
Dodge: Dodged            |    34 |    14 ||    48
